EL
CHATTANOOGA LOOKOUTS @ MIDLAND ROCKHOUNDS
09/19/2047
 
TOP OF THE 1ST
Chattanooga Lookouts batting - Pitching for Midland RockHounds : RHP Ben Voorhees
Pitching: RHP Ben Voorhees
Batting: LHB Chris Munguia 0-0: Ball
1-0: Ball
2-0: Called Strike
2-1: Fly out, F9 (Flyball, 89S, EV 71.2 MPH)
Batting: SHB Ian Thompson 0-0: Foul Ball, location: 2F
0-1: Ball
1-1: Foul Ball, location: 2F
1-2: Foul Ball, location: 2F
1-2: Ball
2-2: Fly out, F9 (Line Drive, 9S, EV 90.6 MPH)
Batting: RHB Miguel Gonzalez 0-0: Fly out, F8 (Flyball, 8RD, EV 80.6 MPH)
Top of the 1st over - 0 runs, 0 hits, 0 errors, 0 left on base; Chattanooga 0 - Midland 0
BOTTOM OF THE 1ST
Midland RockHounds batting - Pitching for Chattanooga Lookouts : RHP Chad Casey
Pitching: RHP Chad Casey
Batting: LHB Tomas Segarra 0-0: Called Strike
0-1: Swinging Strike
0-2: SINGLE (Groundball, 56D, EV 94.4 MPH)
Batting: SHB Robert Santiago 0-0: Called Strike
0-1: Swinging Strike
0-2: Foul Ball, location: 2F
0-2: SINGLE (Groundball, 4MD, EV 104.4 MPH)
Tomas Segarra to second
Runner from 2nd tries for 3rd, OUT! 8-5
Robert Santiago to second
Batting: LHB Gregg Power 0-0: Ball
1-0: Foul Ball, location: 2F
1-1: 2-RUN HOME RUN (Flyball, 89XD, EV 99.4 MPH), Distance : 394 ft
Batting: LHB Chance Stever 0-0: Ball
1-0: Ground out U3 (Groundball, 34, EV 91.2 MPH)
Batting: RHB Jonathan Gallup 0-0: Swinging Strike
0-1: Ball
1-1: Ball
2-1: Called Strike
2-2: Strikes out swinging
Bottom of the 1st over - 2 runs, 3 hits, 0 errors, 0 left on base; Chattanooga 0 - Midland 2
TOP OF THE 2ND
Chattanooga Lookouts batting - Pitching for Midland RockHounds : RHP Ben Voorhees
Batting: SHB Dan Morataya 0-0: Swinging Strike
0-1: Ball
1-1: Foul Ball, location: 2F
1-2: Ball
2-2: Ball
3-2: Strikes out looking
Batting: RHB Steve Raine 0-0: Foul Ball, location: 2F
0-1: Ball
1-1: Ball
2-1: Ball
3-1: Swinging Strike
3-2: Fly out, F7 (Line Drive, 7, EV 86.9 MPH)
Batting: RHB Michael McDonald 0-0: Ball
1-0: Foul Ball, location: 2F
1-1: Ball
2-1: SINGLE (Line Drive, 7LS, EV 112.5 MPH)
Batting: RHB David Nardone 0-0: Ball
1-0: Ground out 4-3 (Groundball, 4S, EV 66.9 MPH)
Top of the 2nd over - 0 runs, 1 hit, 0 errors, 1 left on base; Chattanooga 0 - Midland 2
BOTTOM OF THE 2ND
Midland RockHounds batting - Pitching for Chattanooga Lookouts : RHP Chad Casey
Batting: SHB Ryan Chicoine 0-0: Fly out, F9 (Flyball, 9, EV 92.5 MPH)
Batting: RHB Scott Wiggs 0-0: Called Strike
0-1: Ball
1-1: SINGLE (Groundball, 6, EV 96.2 MPH)
Batting: RHB Matt Sherard 0-0: Called Strike
0-1: Foul Ball, location: 2F
0-2: Ball
1-2: Foul Ball, location: 2F
1-2: Foul Ball, location: 2F
1-2: Fielders Choice at 2nd, 5-4 (Groundball, 5L, EV 101.2 MPH)
Batting: RHB Travis Robinson 0-0: Ball
1-0: Ball
2-0: Called Strike
2-1: DOUBLE (Line Drive, 89D, EV 108.1 MPH)
Matt Sherard to third
Runner from 3rd tries for Home, SAFE, no throw by RF
Batting: LHB Tomas Segarra 0-0: Swinging Strike
0-1: SINGLE (Groundball, P, EV 83.8 MPH) (infield hit)
Travis Robinson to third
Batting: SHB Robert Santiago 0-0: Ball
1-0: Foul Ball, location: 2F
1-1: Ball
2-1: Ball
3-1: Base on Balls
Tomas Segarra to second
Batting: LHB Gregg Power 0-0: Called Strike
0-1: Fielders Choice at 2nd, 5-4 (Groundball, 5, EV 96.9 MPH)
Bottom of the 2nd over - 1 run, 3 hits, 0 errors, 3 left on base; Chattanooga 0 - Midland 3
TOP OF THE 3RD
Chattanooga Lookouts batting - Pitching for Midland RockHounds : RHP Ben Voorhees
Batting: RHB Andrew Nicol 0-0: Called Strike
0-1: Ball
1-1: Foul Ball, location: 2F
1-2: Ball
2-2: Ground out 6-3 (Groundball, 6MS, EV 80.6 MPH)
Batting: RHB Jorge Corte 0-0: Ball
1-0: Swinging Strike
1-1: Swinging Strike
1-2: Strikes out swinging wild pitch, reaches first!
Batting: LHB Chris Munguia 0-0: Ball
1-0: Fielders Choice at 2nd, 4-6 (Groundball, 4, EV 99.4 MPH)
Batting: SHB Ian Thompson 0-0: Ball
Chris Munguia steals 2nd base (no throw)
1-0: DOUBLE (Groundball, 3L, EV 106.9 MPH)
Chris Munguia scores
Batting: RHB Miguel Gonzalez 0-0: Ball
1-0: Ball
2-0: Ball
3-0: Base on Balls
Batting: SHB Dan Morataya 0-0: Foul Ball, location: 2F
0-1: Swinging Strike
0-2: Ball
1-2: Ball
2-2: Fielders Choice at 2nd, 5-4 (Groundball, 56, EV 83.1 MPH)
Top of the 3rd over - 1 run, 1 hit, 0 errors, 2 left on base; Chattanooga 1 - Midland 3
BOTTOM OF THE 3RD
Midland RockHounds batting - Pitching for Chattanooga Lookouts : RHP Chad Casey
Batting: LHB Chance Stever 0-0: Ball
1-0: Ball
2-0: Called Strike
2-1: Ball
3-1: Called Strike
3-2: Foul Ball, location: 2F
3-2: Ground out 4-3 (Groundball, 4, EV 101.2 MPH)
Batting: RHB Jonathan Gallup 0-0: Called Strike
0-1: Foul Ball, location: 2F
0-2: Ball
1-2: Foul Ball, location: 2F
1-2: SOLO HOME RUN (Flyball, 9D, EV 97.5 MPH), Distance : 374 ft
Batting: SHB Ryan Chicoine 0-0: Swinging Strike
0-1: Ball
1-1: Ball
2-1: Foul Ball, location: 2F
2-2: Fly out, F8 (Line Drive, 8RM, EV 83.1 MPH)
Batting: RHB Scott Wiggs 0-0: Ball
1-0: Called Strike
1-1: Ground out 4-3 (Groundball, 4, EV 79.4 MPH)
Bottom of the 3rd over - 1 run, 1 hit, 0 errors, 0 left on base; Chattanooga 1 - Midland 4
TOP OF THE 4TH
Chattanooga Lookouts batting - Pitching for Midland RockHounds : RHP Ben Voorhees
Batting: RHB Steve Raine 0-0: Fly out, F9 (Flyball, 89M, EV 86.9 MPH)
Batting: RHB Michael McDonald 0-0: Ball
1-0: Ball
2-0: SOLO HOME RUN (Flyball, 7D, EV 104.4 MPH), Distance : 414 ft
Batting: RHB David Nardone 0-0: Called Strike
0-1: Fly out, F7 (Line Drive, 7, EV 91.2 MPH)
Batting: RHB Andrew Nicol 0-0: Called Strike
0-1: Foul Ball, location: 2F
0-2: Ball
1-2: Ball
2-2: Foul Ball, location: 2F
2-2: Ball
3-2: Base on Balls
Batting: RHB Jorge Corte 0-0: Ball
Andrew Nicol is caught stealing 2nd base 2-4
Top of the 4th over - 1 run, 1 hit, 0 errors, 0 left on base; Chattanooga 2 - Midland 4
BOTTOM OF THE 4TH
Midland RockHounds batting - Pitching for Chattanooga Lookouts : RHP Chad Casey
Batting: RHB Matt Sherard 0-0: Called Strike
0-1: Ground out 5-3 (Groundball, 5, EV 85.6 MPH)
Batting: RHB Travis Robinson 0-0: Swinging Strike
0-1: Ball
1-1: Ball
2-1: Called Strike
2-2: Foul Ball, location: 2F
2-2: Strikes out swinging
Batting: LHB Tomas Segarra 0-0: Foul Ball, location: 2F
0-1: Ball
1-1: Swinging Strike
1-2: Foul Ball, location: 2F
1-2: Ground out 4-3 (Groundball, 4, EV 76.9 MPH)
Bottom of the 4th over - 0 runs, 0 hits, 0 errors, 0 left on base; Chattanooga 2 - Midland 4
TOP OF THE 5TH
Chattanooga Lookouts batting - Pitching for Midland RockHounds : RHP Ben Voorhees
Batting: RHB Jorge Corte 0-0: Called Strike
0-1: Ball
1-1: Fly out, F7 (Flyball, 7S, EV 93.8 MPH)
Batting: LHB Chris Munguia 0-0: Foul Ball, location: 2F
0-1: Ball
1-1: Ground out 4-3 (Groundball, 4, EV 88.8 MPH)
Batting: SHB Ian Thompson 0-0: Ball
1-0: Ground out 6-3 (Groundball, 56, EV 103.1 MPH)
Top of the 5th over - 0 runs, 0 hits, 0 errors, 0 left on base; Chattanooga 2 - Midland 4
BOTTOM OF THE 5TH
Midland RockHounds batting - Pitching for Chattanooga Lookouts : RHP Chad Casey
Batting: SHB Robert Santiago 0-0: Foul Ball, location: 2F
0-1: Fly out, F7 (Line Drive, 7LD, EV 101.2 MPH)
Batting: LHB Gregg Power 0-0: Ball
1-0: SINGLE (Groundball, 4MD, EV 93.8 MPH)
Batting: LHB Chance Stever 0-0: Ball
1-0: Called Strike
1-1: 2-RUN HOME RUN (Flyball, 89XD, EV 103.1 MPH), Distance : 413 ft
Pitching: RHP Andy Symons
Batting: RHB Jonathan Gallup 0-0: Called Strike
0-1: Ball
1-1: Ground out 6-3 (Groundball, 6, EV 86.2 MPH)
Batting: SHB Ryan Chicoine 0-0: Fly out, F7 (Flyball, 7, EV 89.4 MPH)
Bottom of the 5th over - 2 runs, 2 hits, 0 errors, 0 left on base; Chattanooga 2 - Midland 6
TOP OF THE 6TH
Chattanooga Lookouts batting - Pitching for Midland RockHounds : RHP Ben Voorhees
Batting: RHB Miguel Gonzalez 0-0: Ball
1-0: SINGLE (Flyball, 8RS, EV 91.2 MPH)
Batting: SHB Dan Morataya 0-0: Called Strike
Miguel Gonzalez is caught stealing 2nd base 2-6
0-1: Ball
1-1: Foul Ball, location: 2F
1-2: Foul Ball, location: 2F
1-2: Ball
2-2: Ball
3-2: Foul Ball, location: 2F
3-2: Fly out, F9 (Flyball, 9LD, EV 103.1 MPH)
Batting: RHB Steve Raine 0-0: Foul Ball, location: 2F
0-1: Foul Ball, location: 2F
0-2: Strikes out looking
Top of the 6th over - 0 runs, 1 hit, 0 errors, 0 left on base; Chattanooga 2 - Midland 6
BOTTOM OF THE 6TH
Midland RockHounds batting - Pitching for Chattanooga Lookouts : RHP Andy Symons
Batting: RHB Scott Wiggs 0-0: Foul Ball, location: 2F
0-1: Ball
1-1: Ball
2-1: Foul Ball, location: 2F
2-2: Strikes out looking
Batting: RHB Matt Sherard 0-0: Swinging Strike
0-1: Ground out 5-3 (Groundball, 56S, EV 93.1 MPH)
Batting: RHB Travis Robinson 0-0: Ball
1-0: Ball
2-0: SINGLE (Line Drive, 8LS, EV 105.6 MPH)
Batting: LHB Tomas Segarra 0-0: Ball
1-0: Called Strike
1-1: Foul Ball, location: 2F
1-2: Strikes out looking
Bottom of the 6th over - 0 runs, 1 hit, 0 errors, 1 left on base; Chattanooga 2 - Midland 6
TOP OF THE 7TH
Chattanooga Lookouts batting - Pitching for Midland RockHounds : RHP Ben Voorhees
Batting: RHB Michael McDonald 0-0: Ball
1-0: Called Strike
1-1: Called Strike
1-2: Strikes out looking
Batting: RHB David Nardone 0-0: Ball
1-0: Ball
2-0: Ball
3-0: Called Strike
3-1: Ground out 5-3 (Groundball, 5L, EV 108.8 MPH)
Batting: RHB Andrew Nicol 0-0: Ball
1-0: Called Strike
1-1: Ball
2-1: Ball
3-1: SINGLE (Groundball, 34D, EV 96.9 MPH)
Pitching: LHP Bobby Storey
Batting: RHB Jorge Corte 0-0: Ball
1-0: Ball
2-0: Reached on error, E5 (Groundball, 56, EV 90.0 MPH)
Andrew Nicol to second
Batting: LHB Chris Munguia 0-0: Ball
1-0: Ball
2-0: Foul Ball, location: 2F
2-1: SINGLE (Popup, 4S, EV 84.4 MPH)
Andrew Nicol to third
Jorge Corte to second
Runner from 3rd tries for Home, throw by 2B and OUT! 4-2
Top of the 7th over - 0 runs, 2 hits, 1 error, 2 left on base; Chattanooga 2 - Midland 6
BOTTOM OF THE 7TH
Midland RockHounds batting - Pitching for Chattanooga Lookouts : RHP Andy Symons
Pitching: RHP John Morrison
Batting: SHB Robert Santiago 0-0: Ball
1-0: Ball
2-0: Ball
3-0: Called Strike
3-1: Ground out 3-1 (Groundball, 34S, EV 81.2 MPH)
Batting: LHB Gregg Power 0-0: Fly out, F9 (Flyball, 89XD, EV 89.4 MPH)
Batting: LHB Chance Stever 0-0: Ball
1-0: Foul Ball, location: 2F
1-1: Ball
2-1: Ground out 6-3 (Groundball, 6, EV 86.2 MPH)
Bottom of the 7th over - 0 runs, 0 hits, 0 errors, 0 left on base; Chattanooga 2 - Midland 6
TOP OF THE 8TH
Chattanooga Lookouts batting - Pitching for Midland RockHounds : LHP Bobby Storey
Batting: SHB Ian Thompson 0-0: Ball
1-0: Called Strike
1-1: Swinging Strike
1-2: Strikes out swinging
Batting: RHB Miguel Gonzalez 0-0: Ball
1-0: Ball
2-0: Called Strike
2-1: Swinging Strike
2-2: Ball
3-2: Strikes out swinging
Batting: SHB Dan Morataya 0-0: Called Strike
0-1: Swinging Strike
0-2: Ball
1-2: Ball
2-2: Foul Ball, location: 2F
2-2: Foul Ball, location: 2F
2-2: Ball
3-2: Foul Ball, location: 2F
3-2: Foul Ball, location: 2F
3-2: Foul Ball, location: 2F
3-2: Base on Balls
Batting: RHB Steve Raine 0-0: Called Strike
0-1: Foul Ball, location: 2F
0-2: Ball
1-2: Ball
Wild Pitch!
Dan Morataya to second
2-2: Strikes out swinging
Top of the 8th over - 0 runs, 0 hits, 0 errors, 1 left on base; Chattanooga 2 - Midland 6
BOTTOM OF THE 8TH
Midland RockHounds batting - Pitching for Chattanooga Lookouts : RHP John Morrison
Batting: RHB Jonathan Gallup 0-0: Called Strike
0-1: Ground out 6-3 (Groundball, 6, EV 78.8 MPH)
Batting: SHB Ryan Chicoine 0-0: Called Strike
0-1: Called Strike
0-2: Ball
1-2: Ball
2-2: Strikes out swinging
Batting: RHB Scott Wiggs 0-0: Ball
1-0: Called Strike
1-1: Ball
2-1: SINGLE (Groundball, 34D, EV 106.9 MPH)
Batting: RHB Matt Sherard 0-0: Ball
1-0: Fielders Choice at 2nd, 6-4 (Groundball, 6, EV 78.8 MPH)
Bottom of the 8th over - 0 runs, 1 hit, 0 errors, 1 left on base; Chattanooga 2 - Midland 6
TOP OF THE 9TH
Chattanooga Lookouts batting - Pitching for Midland RockHounds : LHP Bobby Storey
Pitching: RHP John McAuley
Batting: RHB Michael McDonald 0-0: Swinging Strike
0-1: Called Strike
0-2: Ball
1-2: Ball
2-2: Foul Ball, location: 2F
2-2: Ball
3-2: Ground out 4-3 (Groundball, 4, EV 99.4 MPH)
Batting: RHB David Nardone 0-0: Ball
1-0: Foul Ball, location: 2F
1-1: Ball
2-1: Swinging Strike
2-2: Strikes out looking
Batting: RHB Andrew Nicol 0-0: Called Strike
0-1: Called Strike
0-2: DOUBLE (Flyball, 89XD, EV 93.8 MPH)
Batting: RHB Jorge Corte 0-0: Called Strike
0-1: Ball
1-1: Foul Ball, location: 2F
1-2: Foul Ball, location: 2F
1-2: Foul Ball, location: 2F
1-2: Foul Ball, location: 2F
1-2: Ground out 6-3 (Groundball, 6, EV 104.4 MPH)
Top of the 9th over - 0 runs, 1 hit, 0 errors, 1 left on base; Chattanooga 2 - Midland 6
Thursday, December 15th , 2022 - OOTP Baseball 23.9 Build 102